 Dungeon Crawl Stone Soup version 0.18-a0-837-gd08d4d7 (webtiles) character file.

11356 Darkell the Grappler (level 11, -3/111 HPs)
             Began as a Troll Monk on Dec 18, 2015.
             Slain by a fire dragon (12 damage)
             ... on level 11 of the Dungeon.
             The game lasted 00:23:41 (9825 turns).

Darkell the Grappler (Troll Monk)                   Turns: 9825, Time: 00:23:41

Health: -3/111     AC:  9    Str: 24    XL:     11   Next: 48%
Magic:  10/10      EV: 14    Int:  8    God:
Gold:   943        SH:  0    Dex: 11    Spells: 0 memorised, 10 levels left

rFire  + + .     SeeInvis .       - Unarmed
rCold  . . .     Gourm    +     a - +0 robe
rNeg   . . .     Faith    .     (no shield)
rPois  .         Spirit   .     (helmet restricted)
rElec  .         Dismiss  .     (no cloak)
rCorr  .         Reflect  .     (gloves unavailable)
SustAt .         Harm     .     (boots unavailable)
MR     .....                    (no amulet)
Stlth  ++........               d - ring of protection from fire
                                q - ring of protection from fire

@: very slightly contaminated, hasted, very quick, not resistant to hostile
enchantments, unstealthy
A: unfitting armour, claws 3, hooves 1, rough black scales 1, clever 1, fast
metabolism 3, gourmand, regeneration 2, shaggy fur 1, tough skin 2, subdued
magic 1
a: no special abilities


You were on level 11 of the Dungeon.
You were completely stuffed.

You visited 1 branch of the dungeon, and saw 11 of its levels.
You also visited: Ossuary.

You collected 943 gold pieces.

Inventory:

Hand Weapons
 N - a +0 club (quivered)
Armour
 a - a +0 robe (worn)
 w - a +2 hat
 V - a +2 robe of magic resistance
Jewellery
 c - an uncursed ring of protection from cold
 d - a ring of protection from fire (right claw)
 q - a ring of protection from fire (left claw)
 r - a +2 ring of evasion
 D - an uncursed ring of protection from cold
 R - an uncursed ring of protection from cold
Wands
 p - a wand of teleportation (2)
 G - a wand of random effects (22)
 I - a wand of paralysis (19)
 J - a wand of polymorph (5)
 T - a wand of flame (14)
 U - a wand of teleportation (4)
 W - a wand of disintegration (14)
 X - a wand of random effects (19)
Scrolls
 e - 5 scrolls of remove curse {unknown}
 g - 2 scrolls of fear {unknown}
 i - 12 scrolls of identify {unknown}
 j - 2 scrolls of blinking {unknown}
 l - 5 scrolls of teleportation {unknown}
 m - 3 scrolls of amnesia {unknown}
 u - a scroll of enchant weapon {unknown}
 y - 2 scrolls of immolation {unknown}
 E - a scroll of fog
 F - a scroll of magic mapping
 H - a scroll of enchant armour {unknown}
 P - a scroll of random uselessness {unknown}
 S - 2 scrolls of noise {unknown}
Potions
 h - 5 potions of brilliance
 k - 2 potions of agility {unknown}
 n - a potion of invisibility {unknown}
 s - 4 potions of curing
 t - 2 potions of haste
 v - a potion of beneficial mutation
 z - 2 potions of flight
 B - 2 potions of poison {unknown}
 C - a potion of berserk rage {unknown}
 K - 2 potions of ambrosia {unknown}
 L - 3 potions of might {unknown}
 Q - 2 potions of resistance {unknown}
Comestibles
 b - 7 bread rations
 f - 2 meat rations
 o - 10 slices of pizza
 x - 5 chunks of flesh
 M - 15 fruits
 O - a royal jelly


   Skills:
 + Level 8.1 Fighting
 + Level 0.3 Maces & Flails
 + Level 9.8 Dodging
 + Level 3.8 Stealth
 + Level 10.8 Unarmed Combat


You had 10 spell levels left.
You didn't know any spells.

Dungeon Overview and Level Annotations

Branches:
Dungeon (11/15)            Temple (0/1) D:4
   Lair: D:8-11         Orc: D:9-12

Altars:
Ashenzari
Elyvilon
Fedhas
Gozag
Kikubaaqudgha
Nemelex Xobeh
Okawaru
Pakellas
Qazlal
Ru
Vehumet
Xom
Yredelemnul

Shops:
D:4 !   D:5 ?   D:8 (


Innate Abilities, Weirdness & Mutations

You are too large for most types of armour.
You have claws for hands.
Your metabolism is lightning-fast.
You like to eat raw meat.
You heal very quickly.
You are covered in fur (AC +1).
You have very tough skin (AC +2).
You have large cloven feet.
You are partially covered in rough black scales (AC +4, Dex -1).
Your mind is acute. (Int +2)
Your spells are a little easier to cast, but a little less powerful.


Message History

You feel yourself speed up. The fire dragon bites you.
The fire dragon barely misses you. The fire dragon tramples you.
You stumble backwards!
You are very lightly contaminated with residual magic.
You completely miss the fire dragon. Your kick misses the fire dragon.
You scratch the fire dragon.
The fire dragon is lightly wounded.
The fire dragon bites you! The fire dragon claws you!
* * * LOW HITPOINT WARNING * * *
The fire dragon tramples you.
* * * LOW HITPOINT WARNING * * *
You stumble backwards!
You mangle the fire dragon!!
The fire dragon is moderately wounded.
You claw the fire dragon!
The fire dragon is moderately wounded.
The fire dragon barely misses you. The fire dragon claws you!
* * * LOW HITPOINT WARNING * * *
The fire dragon tramples you!
You die...

#######
##############§§@§§#
..............§§D§§#
......#.......§§O§§#
##....#.......§§§§##
#....#.....####§##
##....#.....####.#
.................#
###########......#
#......#


You could see a fire dragon and an ogre.

Vanquished Creatures
  The ghost of P0WERM0DE the Grappler, a journeyman DrCK of Xom (D:11)
  Erica (D:11)
  An unseen horror (D:9)
  A deep elf mage (D:9)
  The ghost of P0WERM0DE the Carver, a novice HaCK of Xom (D:5)
  Maurice (D:10)
  A manticore (D:11)
  The ghost of bullock the Conjurer, an amateur HuWn (D:4)
  2 two-headed ogres
  7 yaks
  2 hippogriffs
  A wyvern (D:11)
  A hungry ghost (D:10)
  A water moccasin (D:8)
  Edmund (D:6)
  2 phantoms
  A sky beast (D:7)
  2 black bears
  An ice beast (D:6)
  3 orc warriors
  15 centaurs
  5 ogres
  4 big kobolds
  A gnoll sergeant (D:6)
  4 giant frogs
  A wyvern skeleton (D:9)
  5 water moccasin zombies (Ossuary)
  14 killer bees
  A quasit (D:7)
  A centaur zombie (D:8)
  2 jellies
  6 orc priests
  3 crimson imps
  5 hounds
  3 giant frog skeletons
  A gnoll shaman (D:6)
  A centaur skeleton (D:5)
  12 worker ants
  6 orc wizards
  2 sheep (D:8)
  2 iguanas
  3 big kobold zombies (Ossuary)
  A hound zombie (D:9)
  2 mummies (Ossuary)
  Robin (D:2)
  A worker ant zombie (D:6)
  4 gnolls (D:6)
  10 adders
  3 oozes
  5 adder zombies
  2 worms
  2 adder skeletons
  6 giant geckos
  34 orcs
  2 ball pythons
  8 bats
  3 giant cockroaches
  5 gnoll zombies
  11 goblins
  16 hobgoblins
  5 jackals
  25 kobolds
  5 quokkas
  A giant gecko zombie (D:5)
  5 giant newts
  5 hobgoblin zombies (Ossuary)
  2 jackal skeletons (D:4)
  A jackal zombie (D:6)
  5 kobold zombies (Ossuary)
  3 orc zombies (Ossuary)
  A quokka skeleton (D:7)
  37 rats
340 creatures vanquished.

Vanquished Creatures (others)
  An unseen horror (D:11)
1 creature vanquished.

Grand Total: 341 creatures vanquished

Notes
Turn   | Place    | Note
--------------------------------------------------------------
     0 | D:1      | Darkell the Troll Monk began the quest for the Orb.
     0 | D:1      | Reached XP level 1. HP: 22/22 MP: 0/0
    81 | D:1      | Reached XP level 2. HP: 19/29 MP: 1/1
   742 | D:2      | Reached XP level 3. HP: 34/36 MP: 2/2
   767 | D:2      | Found a faded altar to an unknown god.
   946 | D:2      | Noticed Robin
   971 | D:2      | Killed Robin
   971 | D:2      | Reached XP level 4. HP: 29/44 MP: 3/3
  1696 | D:2      | Found a basalt altar of Yredelemnul.
  1768 | D:3      | Reached XP level 5. HP: 53/53 MP: 4/4
  2124 | D:3      | Reached skill level 5 in Unarmed Combat
  2420 | D:4      | Found Haduirid's Distillery.
  2435 | D:4      | Reached XP level 6. HP: 59/61 MP: 5/5
  2484 | D:4      | Found a staircase to the Ecumenical Temple.
  2485 | D:4      | Noticed bullock's ghost (amateur HuWn)
  2520 | D:4      | Found a sand-covered staircase.
  2562 | Ossuary  | Entered an ossuary
  2595 | Ossuary  | Reached XP level 7. HP: 32/68 MP: 6/6
  2602 | Ossuary  | Reached skill level 6 in Unarmed Combat
  2922 | D:4      | Killed bullock's ghost
  2955 | D:4      | Reached XP level 8. HP: 71/79 MP: 7/7
  3456 | D:4      | Reached skill level 5 in Dodging
  3580 | D:5      | Entered Level 5 of the Dungeon
  3661 | D:5      | Reached skill level 7 in Unarmed Combat
  3778 | D:5      | Found Kuh Dosi's Magic Scroll Shoppe.
  4079 | D:5      | Noticed P0WERM0DE's ghost (novice HaCK)
  4087 | D:5      | Killed P0WERM0DE's ghost
  4087 | D:5      | Reached skill level 5 in Fighting
  4090 | D:5      | Found a stormy altar of Qazlal.
  4506 | D:6      | Noticed Edmund
  4521 | D:6      | Reached XP level 9. HP: 88/88 MP: 8/8
  4535 | D:6      | Killed Edmund
  4535 | D:6      | Reached skill level 8 in Unarmed Combat
  4703 | D:6      | Gained mutation: You are partially covered in rough black scales (AC +4, Dex -1). [potion of beneficial mutation]
  6041 | D:7      | Gained mutation: Your mind is acute. (Int +2) [mutagenic meat]
  6042 | D:7      | Gained mutation: Your spells are a little easier to cast, but a little less powerful. [mutagenic meat]
  6043 | D:7      | Gained mutation: You have large cloven feet. [mutagenic meat]
  6057 | D:7      | Found a sacrificial altar of Ru.
  6262 | D:7      | Found an opulent altar of Gozag.
  6262 | D:7      | Found a blossoming altar of Fedhas.
  6268 | D:7      | Found an oddly glowing altar of Pakellas.
  6268 | D:7      | Found a white marble altar of Elyvilon.
  6269 | D:7      | Found an iron altar of Okawaru.
  6270 | D:7      | Found a shimmering altar of Xom.
  6271 | D:7      | Found a shattered altar of Ashenzari.
  6273 | D:7      | Found a radiant altar of Vehumet.
  6528 | D:8      | Found Pinok's Weapon Shop.
  6529 | D:8      | Found an opulent altar of Gozag.
  6559 | D:8      | Reached skill level 9 in Unarmed Combat
  6739 | D:8      | Reached XP level 10. HP: 82/98 MP: 9/9
  7417 | D:8      | Noticed a three-headed hydra
  7694 | D:9      | Noticed a deep elf mage
  7704 | D:9      | Killed a deep elf mage
  8128 | D:9      | Reached skill level 10 in Unarmed Combat
  8359 | D:9      | Killed an unseen horror
  8359 | D:9      | Reached XP level 11. HP: 32/109 MP: 10/10
  8500 | D:9      | Found an ancient bone altar of Kikubaaqudgha.
  8500 | D:9      | Found a sparkling altar of Nemelex Xobeh.
  8538 | D:10     | Entered Level 10 of the Dungeon
  8729 | D:10     | Noticed Maurice
  8737 | D:10     | Killed Maurice
  9157 | D:11     | Noticed Erica
  9210 | D:11     | Killed Erica
  9236 | D:11     | Noticed P0WERM0DE's ghost (journeyman DrCK)
  9262 | D:11     | Killed P0WERM0DE's ghost
  9313 | D:11     | Noticed a seven-headed hydra
  9784 | D:11     | Found a sparkling altar of Nemelex Xobeh.
  9800 | D:11     | Noticed a fire dragon
  9819 | D:11     | Killed an unseen horror
  9825 | D:11     | Slain by a fire dragon

Vault maps used:
D:1:      sevenhm_arrival_forest_fort_small_6, serial_forest,
          infiniplex_forest_lined_room_2, infiniplex_forest_zigzag_2,
          infiniplex_forest_corner_2, infiniplex_forest_zigzag_1
D:2:      lemuel_zombie_altar_yredelemnul, ecumenical_altar_1,
          minmay_rats_cheesy_pizza, uniq_robin
D:3:      minmay_statues_item, minmay_surrounded
D:4:      minmay_temple_entry_grid, serial_shops, shop, enter_ossuary_3,
          kennysheep_nondescript, minmay_misc_feat_alley
D:5:      first_bread, serial_shops, nicolae_shop_stone, lemuel_statue_altar
D:6:      kennysheep_housing_project, roderic_serpentine_path, uniq_edmund
D:7:      minitemple, nicolae_ru_awakened_eye
D:8:      serial_shops, shop_coins, hangedman_ranch, nicolae_gozag_seed_capital
D:9:      gammafunk_temple_overflow_elements
D:10:     uniq_maurice
D:11:     hangedman_cross_stitches, lair_0_dummy, grunt_ministairs_12,
          nicolae_zen_rock_garden, nemelex_xobeh_ov_fountains_minmay, uniq_erica
Ossuary:  ossuary_tomb_2

Action                   |  1- 3 |  4- 6 |  7- 9 | 10-12 || total
-------------------------+-------+-------+-------+-------++-------
Melee: Unarmed           |   119 |   173 |   431 |   351 ||  1074
       Club              |       |       |       |     2 ||     2
  Use: Scroll            |       |     1 |       |     1 ||     2
       Potion            |       |       |     8 |     7 ||    15
 Stab: Sleeping          |     1 |     4 |     3 |     2 ||    10
       Distracted        |       |     1 |     1 |       ||     2
  Eat: Chunk             |    14 |    15 |    42 |    32 ||   103
       Fruit             |       |       |       |     1 ||     1
       Pizza             |       |       |       |     1 ||     1
       Beef jerky        |       |       |       |     1 ||     1
